 Dungeon Sprint DCSS version 0.17-a0-1646-geb1493d (webtiles) character file.

19635 nuthulu the Warrior (level 12, -1/122 HPs)
             Began as a Demonspawn Fighter on Aug 10, 2015.
             Was the Champion of Cheibriados.
             Engulfed by an ushabti's negative energy (5 damage)
             ... in the Dungeon (Sprint V: "Ziggurat Sprint").
             The game lasted 00:07:35 (1179 turns).

nuthulu the Warrior (Demonspawn Fighter)            Turns: 1179, Time: 00:07:35

Health: -1/122     AC: 25    Str: 41    XL:     12   Next: 38%
Magic:  0/17       EV:  2    Int: 24    God:    Cheibriados [******]
Gold:   0          SH: 35    Dex: 39    Spells: 0 memorised, 11 levels left

rFire  . . .     SeeInvis +     I - +14 obsidian axe {chop, +Fly Str+3 SInv *Curse} (curse)
rCold  . . .     Clarity  .     J - +15 Maxwell's patent armour {-Cast -Tele rElec MR+ rCorr}
rNeg   + . .     SustAt   .     K - +18 shield of the gong {rElec rN+ MR+ EV-5}
rPois  .         Gourm    .     (no helmet)
rElec  +         Spirit   +     (no cloak)
rCorr  +         Warding  .     (no gloves)
rMut   .         NoTele   +     (no boots)
MR     ++...     NoCast   +     (no amulet)
Stlth  ..........               D - +6 ring of dexterity
                                G - +6 ring of strength

@: corroded equipment, mesmerised, studying Unarmed Combat, drained, very slow,
very resistant to hostile enchantments, extremely unstealthy
A: talons 2, large bone plates 1, magic shield, rot immunity
a: Bend Time, Temporal Distortion, Slouch, Step From Time, Renounce Religion,
Evoke Flight


You were in the Dungeon.
You worshipped Cheibriados.
Cheibriados was exalted by your worship.
You were not hungry.

You visited 1 branch

Inventory:

Hand weapons
 I - the cursed +14 obsidian axe (weapon) {chop, +Fly Str+3 SInv *Curse}
   (You found it in the Dungeon)

   It inflicts extra damage upon your enemies.
   It affects your strength (+3).
   It lets you see invisible.
   It lets you fly.
   It may re-curse itself when equipped.
   It has a curse placed upon it.
Armour
 J - the +15 Maxwell's patent armour (worn) {-Cast -Tele rElec MR+ rCorr}
   (You found it in the Dungeon)

   It insulates you from electricity.
   It affects your resistance to hostile enchantments.
   It prevents spellcasting.
   It prevents most forms of teleportation.
   It protects you from acid and corrosion.
 K - the +18 shield of the gong (worn) {rElec rN+ MR+ EV-5}
   (You found it in the Dungeon)

   It affects your evasion (-5).
   It insulates you from electricity.
   It protects you from negative energy.
   It affects your resistance to hostile enchantments.
Jewellery
 a - the ring of Leset {SustAt rPois}
   (You found it in the Dungeon)

   [ring of sustain attributes]

   It sustains your strength, intelligence and dexterity.
   It protects you from poison.
 b - an uncursed ring of protection from magic
 c - the ring of Parghump {+Blink +Fly Dex+4 Slay+2 Stlth-}
   (You took it off a vampire knight in the Dungeon)

   [ring of slaying]

   It affects your dexterity (+4).
   It affects your accuracy and damage with ranged weapons and melee attacks
   (+2).
   It lets you fly.
   It lets you blink.
   It makes you less stealthy.
 o - the ring of Immorality {rElec Str-4 Int+4 SInv}
   (You found it in the Dungeon)

   [ring of see invisible]

   It affects your strength (-4).
   It affects your intelligence (+4).
   It insulates you from electricity.
   It lets you see invisible.
 C - a +6 ring of dexterity
 D - a +6 ring of dexterity (right hand)
 E - a +6 ring of intelligence
 F - a +6 ring of intelligence
 G - a +6 ring of strength (left hand)
 H - a +6 ring of strength
 L - an uncursed amulet of faith
 M - a +6 ring of protection
Magical devices
 y - a wand of disintegration (7)
 z - a wand of fire (5)
 A - a wand of cold (5)
 B - a wand of draining (5)
 O - a wand of heal wounds (5)
Scrolls
 k - 4 scrolls of blinking
 q - 4 scrolls of amnesia
 r - 2 scrolls of recharging
 s - 7 scrolls of fog
 t - 5 scrolls of identify
 u - 5 scrolls of remove curse
 v - 2 scrolls of fear
Potions
 d - 6 potions of might
 f - 10 potions of curing
 g - 8 potions of heal wounds
 h - 6 potions of haste
 i - 7 potions of magic
 j - 3 potions of berserk rage
 l - 2 potions of brilliance
 m - 2 potions of invisibility
 n - 4 potions of resistance
 p - 5 potions of agility
Books
 N - a manual of Unarmed Combat
Comestibles
 e - 5 bread rations
 w - 42 fruits
 x - 4 meat rations


   Skills:
 - Level 20.3(19.3) Fighting
 - Level 18.5(17.5) Axes
 + Level 6.6(5.8) Armour
 + Level 1.5(0.8) Dodging
 + Level 6.6(5.8) Shields
 - Level 7.5(6.7) Invocations


You had 11 spell levels left.
You didn't know any spells.

Dungeon Overview and Level Annotations

Branches:
Dungeon (1/1)

Altars:
Ashenzari
Cheibriados
Dithmenos
Elyvilon
Fedhas
Gozag
Kikubaaqudgha
Makhleb
Nemelex Xobeh
Okawaru
Qazlal
Ru
Sif Muna
Trog
Vehumet
Xom
Yredelemnul
Zin
The Shining One
Beogh
Jiyva
Lugonu


Innate Abilities, Weirdness & Mutations

You have razor-sharp toenails.
You are partially covered in large bone plates (AC +2, SH +2).
When hurt, damage is shared between your health and your magic reserves.
You are immune to rotting.


Message History

Unknown command.
You open the shadow wraith like a pillowcase!!!
Your kick misses the shadow wraith.
The shadow wraith is almost destroyed.
You slash the rust devil!
The rust devil is severely wounded.
You closely miss the emperor scorpion.
The emperor scorpion is almost dead.
You hit the greater mummy but do no damage.
The greater mummy is heavily damaged.
You slice the emperor scorpion!!
The emperor scorpion is severely wounded.
You hit the emperor scorpion but do no damage.
The emperor scorpion is heavily wounded.
You closely miss the flayed ghost.
The flayed ghost is moderately damaged.
Visions of slaying the flayed ghost flood into your mind.
You are engulfed in negative energy.
You resist. You partially resist.
You feel drained.
You die...

▓.........▓
▓...)[.[):..▓▓▓▓▓▓▓▓▓▓▓
▓....[[=)...▓...8©8...▓
▓...........▓...)).)..▓
▓...Z.......▓...[:....▓
▓..M43Z8M...▓.........▓
▓.WzWM8WWW..▓...).....▓
..▓WW4ss▓..▓....))...▓
▓.▓W@M▓.▓ ▓.....)...▓
▓..▓.s3s.▓..▓.▓...).▓.▓
▓......4....▓.........▓
▓▓▓▓▓▓▓▓▓▓▓▓▓▓▓▓▓▓▓▓▓▓▓
▓...8©8...▓...8©8...▓..
▓...})))..▓..}[.3:..▓..
▓..[[.}"..▓...33[...▓..
▓.........▓.....5...▓..
▓.........▓.....5...▓..


You could see a greater mummy, 4 emperor scorpions, 3 mummy priests, a soul
eater, 3 flayed ghosts, 2 shadow wraiths, 2 ushabtiu, a rust devil, a freezing
wraith, a spectral giant cockroach, a blue devil, a hungry ghost, a wraith, a
wight, an adder zombie, a friendly ice devil and a friendly hellwing.

Vanquished Creatures
  4 vampire knights (D)
  2 mummy priests (D)
  4 vault guards (D)
  A yaktaur captain (D)
  2 vampire magi (D)
  A skeletal warrior (D)
  An anubis guard (D)
  A spriggan druid (D)
  3 necromancers (D)
  2 cyclopes (D)
  A naga mage (D)
  A vault sentinel (D)
  2 yaktaurs (D)
  2 black mambas (D)
  2 guardian mummies (D)
  A slime creature (D)
  3 shadows (D)
  An air elemental (D)
  A vampire (D)
  3 spriggans (D)
  2 wolves (D)
  A golden eye (D)
  4 nagas (D)
  3 insubstantial wisps (D)
  2 black bears (D)
  A wasp (D)
  A water moccasin (D)
  2 centaurs (D)
  5 scorpions (D)
  2 wights (D)
  3 jellies (D)
  A mummy (D)
  A shadow imp (D)
  An ufetubus (D)
  2 adder skeletons (D)
  A bat zombie (D)
  2 giant cockroach zombies (D)
  2 giant gecko zombies (D)
  A jackal skeleton (D)
  A quokka skeleton (D)
  A quokka zombie (D)
77 creatures vanquished.

Vanquished Creatures (collateral kills)
  A guardian mummy (D)
  A black bear (D)
  A wight (D)
  A mummy (D)
4 creatures vanquished.

Vanquished Creatures (others)
  A necrophage (D)
1 creature vanquished.

Grand Total: 82 creatures vanquished

Notes
Turn   | Place    | Note
--------------------------------------------------------------
     0 | D        | nuthulu the Demonspawn Fighter began the quest for the Orb.
     0 | D        | Reached XP level 1. HP: 18/18 MP: 1/1
     0 | D        | Found a roughly hewn altar of Beogh.
     0 | D        | Found a corrupted altar of Lugonu.
     0 | D        | Found a viscous altar of Jiyva.
     0 | D        | Found a white marble altar of Elyvilon.
     0 | D        | Found a sparkling altar of Nemelex Xobeh.
     0 | D        | Found a burning altar of Makhleb.
     0 | D        | Found an iron altar of Okawaru.
     0 | D        | Found a deep blue altar of Sif Muna.
     0 | D        | Found a radiant altar of Vehumet.
     0 | D        | Found a bloodstained altar of Trog.
     0 | D        | Found a shimmering altar of Xom.
    56 | D        | Became a worshipper of Cheibriados the Contemplative
    62 | D        | Reached skill level 6 in Fighting
    62 | D        | Reached skill level 5 in Axes
    62 | D        | Gained mutation: You have sharp toenails. [demonic ancestry]
    62 | D        | Reached XP level 2. HP: 22/28 MP: 2/2
    67 | D        | Entered arena 1.
    67 | D        | Noticed a slime creature
    67 | D        | Noticed a jelly
    70 | D        | Killed a jelly
    70 | D        | Gained mutation: You are partially covered in large bone plates (AC +2, SH +2). [demonic ancestry]
    70 | D        | Reached XP level 3. HP: 26/35 MP: 2/4
    73 | D        | Killed a slime creature
    73 | D        | Acquired Cheibriados's first power
    73 | D        | Reached skill level 7 in Fighting
    73 | D        | Reached skill level 5 in Armour
    73 | D        | Reached skill level 5 in Shields
    73 | D        | Reached skill level 5 in Invocations
    73 | D        | Gained mutation: You are immune to rotting. [demonic ancestry]
    73 | D        | Reached XP level 4. HP: 28/44 MP: 2/8
    73 | D        | Gained mutation: When hurt, damage is shared between your health and your magic reserves. [demonic ancestry]
    73 | D        | Reached XP level 5. HP: 31/49 MP: 2/9
   183 | D        | Entered arena 2.
   183 | D        | Noticed a jelly
   183 | D        | Noticed a jelly
   183 | D        | Noticed a golden eye
   188 | D        | Killed a jelly
   188 | D        | Reached skill level 8 in Fighting
   188 | D        | Reached XP level 6. HP: 49/56 MP: 7/10
   188 | D        | Killed a jelly
   194 | D        | Killed a golden eye
   196 | D        | Entered arena 3.
   196 | D        | Noticed an insubstantial wisp
   196 | D        | Noticed an insubstantial wisp
   196 | D        | Noticed an air elemental
   196 | D        | Noticed an insubstantial wisp
   199 | D        | Killed an insubstantial wisp
   199 | D        | Reached skill level 9 in Fighting
   199 | D        | Reached XP level 7. HP: 57/64 MP: 9/12
   204 | D        | Killed an air elemental
   204 | D        | Acquired Cheibriados's second power
   204 | D        | Reached skill level 10 in Fighting
   204 | D        | Killed an insubstantial wisp
   205 | D        | Killed an insubstantial wisp
   210 | D        | Got the ring of Immorality {rElec Str-4 Int+4 SInv}
   271 | D        | Entered arena 4.
   273 | D        | Acquired Cheibriados's third power
   274 | D        | Acquired Cheibriados's fourth power
   286 | D        | Entered arena 5.
   286 | D        | Noticed a scorpion
   286 | D        | Noticed a scorpion
   286 | D        | Noticed a scorpion
   286 | D        | Noticed a scorpion
   286 | D        | Noticed a scorpion
   288 | D        | Killed a scorpion
   288 | D        | Reached skill level 11 in Fighting
   288 | D        | Reached XP level 8. HP: 73/75 MP: 13/13
   288 | D        | Killed a scorpion
   289 | D        | Killed a scorpion
   290 | D        | Killed a scorpion
   290 | D        | Killed a scorpion
   297 | D        | Entered arena 6.
   297 | D        | Noticed a vault guard
   297 | D        | Noticed a vault guard
   297 | D        | Noticed a vault sentinel
   297 | D        | Noticed a vault guard
   297 | D        | Noticed a vault guard
   297 | D        | Noticed a yaktaur
   299 | D        | Identified a +4 rod of the swarm (8/13)
   302 | D        | Killed a yaktaur
   302 | D        | Reached skill level 12 in Fighting
   302 | D        | Reached skill level 10 in Axes
   304 | D        | Killed a vault guard
   304 | D        | Reached skill level 13 in Fighting
   304 | D        | Reached XP level 9. HP: 62/85 MP: 10/14
   305 | D        | Killed a vault guard
   305 | D        | Reached skill level 14 in Fighting
   306 | D        | Killed a vault guard
   310 | D        | Killed a vault sentinel
   310 | D        | Reached skill level 15 in Fighting
   310 | D        | Gained mutation: You have razor-sharp toenails. [demonic ancestry]
   310 | D        | Reached XP level 10. HP: 69/96 MP: 11/15
   313 | D        | Killed a vault guard
   404 | D        | Entered arena 7.
   404 | D        | Noticed a yaktaur captain
   404 | D        | Noticed a cyclops
   404 | D        | Noticed a cyclops
   404 | D        | Noticed a yaktaur
   404 | D        | Noticed a centaur
   404 | D        | Noticed a centaur
   405 | D        | Killed a centaur
   405 | D        | Killed a centaur
   411 | D        | Killed a yaktaur
   412 | D        | Killed a yaktaur captain
   412 | D        | Reached skill level 16 in Fighting
   414 | D        | Killed a cyclops
   414 | D        | Killed a cyclops
   507 | D        | Entered arena 8.
   507 | D        | Noticed a mummy priest
   507 | D        | Noticed a guardian mummy
   507 | D        | Noticed a guardian mummy
   507 | D        | Noticed a guardian mummy
   507 | D        | Noticed a mummy priest
   510 | D        | Noticed a phantasmal warrior
   513 | D        | Killed a guardian mummy
   514 | D        | Noticed a sun demon
   514 | D        | Killed a mummy priest
   514 | D        | Reached skill level 17 in Fighting
   514 | D        | Reached skill level 15 in Axes
   514 | D        | Killed a phantasmal warrior
   517 | D        | Killed a guardian mummy
   517 | D        | Reached XP level 11. HP: 59/107 MP: 7/16
   518 | D        | Killed a mummy priest
   519 | D        | Killed a guardian mummy
   754 | D        | Entered arena 9.
   754 | D        | Noticed a naga mage
   754 | D        | Noticed a black mamba
   754 | D        | Noticed a naga
   754 | D        | Noticed a naga
   754 | D        | Noticed a naga
   754 | D        | Noticed a black mamba
   754 | D        | Noticed a water moccasin
   754 | D        | Noticed a naga
   756 | D        | Killed a black mamba
   757 | D        | Killed a water moccasin
   760 | D        | Killed a naga mage
   761 | D        | Killed a naga
   761 | D        | Killed a black mamba
   762 | D        | Killed a naga
   763 | D        | Killed a naga
   765 | D        | Killed a naga
   769 | D        | Got the ring of Leset {SustAt rPois}
   777 | D        | Entered arena 10.
   777 | D        | Noticed a black bear
   777 | D        | Noticed a spriggan
   777 | D        | Noticed a black bear
   777 | D        | Noticed a spriggan rider
   777 | D        | Noticed a wolf
   777 | D        | Noticed a spriggan
   777 | D        | Noticed a black bear
   777 | D        | Noticed a spriggan druid
   777 | D        | Noticed a wolf
   779 | D        | Killed a spriggan druid
   779 | D        | Reached skill level 18 in Fighting
   780 | D        | Killed a spriggan
   780 | D        | Killed a wolf
   781 | D        | Killed a black bear
   781 | D        | Killed a wolf
   782 | D        | Killed a black bear
   788 | D        | Killed a spriggan
   790 | D        | Killed a black bear
   795 | D        | Killed a spriggan rider
   795 | D        | Killed a wasp
   799 | D        | Entered arena 11.
   799 | D        | Noticed a wight
   799 | D        | Noticed a wight
   799 | D        | Noticed a vampire mage
   799 | D        | Noticed a vampire mage
   800 | D        | Noticed a vampire knight
   801 | D        | Noticed a shadow
   801 | D        | Noticed a shadow
   802 | D        | Killed a vampire mage
   802 | D        | Killed a wight
   805 | D        | Killed a vampire mage
   812 | D        | Killed a vampire knight
   812 | D        | Reached skill level 19 in Fighting
   814 | D        | Killed a shadow
   815 | D        | Killed a wight
   816 | D        | Killed a shadow
   818 | D        | Got the ring of Parghump {+Blink +Fly Dex+4 Slay+2 Stlth-}
   826 | D        | Entered arena 12.
   826 | D        | Noticed a vampire
   826 | D        | Noticed a vampire knight
   826 | D        | Noticed a necrophage
   826 | D        | Noticed a vampire knight
   826 | D        | Noticed a necromancer
   826 | D        | Noticed a wight
   826 | D        | Noticed a vampire knight
   826 | D        | Noticed a necromancer
   826 | D        | Noticed a necromancer
   827 | D        | Noticed a shadow
   827 | D        | Noticed a skeletal warrior
   827 | D        | Killed a wight
   830 | D        | Killed a vampire knight
   830 | D        | Reached XP level 12. HP: 94/119 MP: 11/17
   830 | D        | Killed a necromancer
   830 | D        | Killed a necrophage
   833 | D        | Killed a vampire
   834 | D        | Killed a necromancer
   836 | D        | Killed a vampire knight
   837 | D        | Killed a necromancer
   837 | D        | Reached skill level 20 in Fighting
   837 | D        | Killed a shadow
   840 | D        | Killed a skeletal warrior
   840 | D        | Killed a vampire knight
  1164 | D        | Entered arena 13.
  1165 | D        | Noticed a mummy priest
  1165 | D        | Noticed an anubis guard
  1165 | D        | Noticed a greater mummy
  1166 | D        | Noticed an emperor scorpion
  1166 | D        | Noticed an emperor scorpion
  1166 | D        | Noticed a mummy priest
  1166 | D        | Noticed an ushabti
  1166 | D        | Noticed an ushabti
  1166 | D        | Noticed a mummy priest
  1167 | D        | Noticed an emperor scorpion
  1167 | D        | Noticed an emperor scorpion
  1167 | D        | Noticed an emperor scorpion
  1167 | D        | Noticed an emperor scorpion
  1167 | D        | Noticed an emperor scorpion
  1171 | D        | Killed an anubis guard
  1171 | D        | Reached skill level 1 in Dodging
  1172 | D        | Killed an emperor scorpion
  1172 | D        | Killed an emperor scorpion
  1176 | D        | Killed an emperor scorpion
  1176 | D        | Killed an emperor scorpion
  1177 | D        | Noticed an emperor scorpion
  1177 | D        | Noticed an emperor scorpion
  1178 | D        | HP: 4/122 [greater mummy (4)]
  1179 | D        | Engulfed by an ushabti's negative energy

Vault maps used:
D:        sprint_v

Action                   |  1- 3 |  4- 6 |  7- 9 | 10-12 || total
-------------------------+-------+-------+-------+-------++-------
Melee: Broad axe         |     5 |     7 |    24 |    74 ||   110
Invok: Slouch            |       |       |       |     5 ||     5
Evoke: Wand              |       |       |       |     1 ||     1
  Use: Potion            |     1 |       |       |     2 ||     3
       Scroll            |       |       |       |     1 ||     1
 Stab: Distracted        |       |       |       |     1 ||     1
